 Dungeon Crawl Stone Soup version 0.28.0-53-g5a82cb258f (webtiles) character file.

Game seed: 2472553084699982444

56 jamesblauser the Conjurer (level 3, -2/26 HPs)
             Began as a Demigod Conjurer on Nov 5, 2022.
             Slain by a phantom (3 damage)
             ... on level 5 of the Dungeon.
             The game lasted 00:13:12 (1129 turns).

jamesblauser the Conjurer (Demigod Conjurer)        Turns: 1129, Time: 00:13:13

Health: -2/26      AC:  5    Str:  8    XL:     3   Next: 48%
Magic:  8/9        EV: 12    Int: 20    God:
Gold:   57         SH:  0    Dex: 16    Spells: 3/6 levels left

rFire   . . .      SeeInvis .   g - +0 whip
rCold   . . .      Faith    .   (no shield)
rNeg    . . .      Spirit   .   f - +0 leather armour
rPois   .          Reflect  .   d - +0 helmet
rElec   .          Harm     .   (no cloak)
rCorr   .          Rampage  .   (no gloves)
Will    .....                   e - +0 pair of boots
Stlth   ++........              (no amulet)
HPRegen 0.08/turn               (no ring)
MPRegen 0.11/turn               (no ring)

@: no status effects
A: high MP 1, forlorn, divine attributes
a: no special abilities


You were on level 5 of the Dungeon.
You visited 1 branch of the dungeon, and saw 5 of its levels.

You collected 57 gold pieces.

Inventory:

Hand Weapons
 b - a +0 dagger
 g - a +0 whip (weapon)
Armour
 a - a +0 robe
 d - a +0 helmet (worn)
 e - a +0 pair of boots (worn)
 f - a +0 leather armour (worn)
Magical Staves
 c - a staff of air
Jewellery
 h - a +6 ring of strength


   Skills:
 + Level 0.1 Fighting
 + Level 0.1 Short Blades
 + Level 0.4 Armour
 + Level 2.1 Dodging
 + Level 1.8 Stealth
 + Level 2.3 Spellcasting
 + Level 4.2 Conjurations


You had 3 spell levels left.
You knew the following spells:

 Your Spells              Type           Power      Damage    Failure   Level
a - Magic Dart            Conj           76%        1d6       3%          1
b - Searing Ray           Conj           38%        2d5       5%          2

Your spell library contained the following spells:

 Spells                   Type           Power      Damage    Failure   Level
 Dazzling Flash           Conj/Hex       20%        N/A       26%         3
 Fulminant Prism          Conj/Hex       5%         3d7       65%         4
 Iskenderun's Mystic Bla  Conj/Tloc      10%        2d4       65%         4


Dungeon Overview and Level Annotations

Branches:
Dungeon (5/15)
 Temple: D:4-7


Innate Abilities, Weirdness & Mutations

You have an increased reservoir of magic. (+10% MP)
You shall have no god before yourself.
Your divine heritage dramatically boosts your attributes as you level up.


Message History

Found a dagger.
Found 15 gold pieces.
The phantom hits you but does no damage.
The phantom hits you.
The phantom blinks!
You blink.
You closely miss the phantom. The phantom hits you.
The phantom hits you but does no damage.
The quokka closely misses you. The quokka bites you.
The phantom hits you but does no damage.
The phantom hits you.
* * * LOW HITPOINT WARNING * * *
The phantom blinks!
You blink.
The quokka misses you. The quokka barely misses you.
You open the door.
The quokka bites you but does no damage.
The phantom hits you.
* * * LOW HITPOINT WARNING * * *
The phantom blinks!
You blink.
The quokka misses you. The quokka barely misses you. The phantom misses you.
The quokka bites you.
* * * LOW HITPOINT WARNING * * *
The phantom closely misses you.
The quokka bites you but does no damage.
There is an open door here.
Found a stone staircase leading up and a stone staircase leading down.
A necrophage comes into view.
Found a ring mail and 16 stones.
The necrophage barely misses you. The necrophage closely misses you.
The phantom closely misses you.
The necrophage hits you but does no damage.
The phantom barely misses you.
There is a stone staircase leading down here.
The phantom hits you.
* * * LOW HITPOINT WARNING * * *
The phantom blinks!
You blink.
You stop descending the stairs.
You open the door. The phantom hits you.
You die...

........# #.# ..........
........# #.# ..#.(.....
........# #.######.#<......
........#######.##.........[...
...$....'......................
........#######.##...#.........
#.......#######.........n#####
#.......##.....########.r#
##########.!...'@W......>#
#.....########### #..... #.....
###


You could see a phantom.

Vanquished Creatures
  A howler monkey zombie (D:5)
  An adder (D:2)
  A dart slug (D:1)
  An endoplasm (D:1)
  4 giant cockroaches (D:1)
  3 goblins
  6 jackals (D:1)
  A quokka (D:1)
  7 ball pythons (D:1)
  A bat (D:1)
  2 frilled lizards (D:1)
  2 kobolds (D:1)
  3 rats (D:1)
33 creatures vanquished.

Notes
Turn   | Place    | Note
-------+----------+-------------------------------------------
     0 | D:1      | jamesblauser the Demigod Conjurer began the quest for the
                  | Orb.
     0 | D:1      | Reached XP level 1. HP: 14/14 MP: 5/5
   187 | D:1      | Reached XP level 2. HP: 20/20 MP: 0/7
   416 | D:1      | Reached skill level 4 in Conjurations
   885 | D:1      | Reached XP level 3. HP: 26/26 MP: 6/8
   996 | D:1      | Learned a level 2 spell: Searing Ray
  1043 | D:5      | Entered Level 5 of the Dungeon
  1060 | D:5      | Noticed a phantom
  1095 | D:5      | HP: 1/26 [phantom (6)]
  1101 | D:5      | HP: 1/26 [quokka (1)]
  1118 | D:5      | Noticed a necrophage
  1128 | D:5      | HP: 1/26 [phantom (2)]
  1129 | D:5      | Slain by a phantom

Illustrated notes

Levels and vault maps discovered:
D:1:      lordsloth_arrival_two_stooges, layout_basic
D:2:      layout_basic, hellmonk_ecumenical_altar_run_dry, grunt_ministairs_4,
          minmay_lizard_king
D:3:      layout_loops_cross, nicolae_qazlal_general_emergency,
          lightli_temple_of_fire
D:4:      layout_cave_pools, serial_shops, shop_statue,
          chequers_serial_rivers_micro_e, kennysheep_generic_room_11
D:5:      layout_basic, mainiacjoe_overflow_paths,
          eat_drink_and_be_merry_uskayaw

Skill      XL: |  1  2 |
---------------+-------+-----
Spellcasting   | 2 |  2.3
Conjurations   | 4 |  4.2
Dodging        | 2 |  2.1
Fighting       | |  0.1
Short Blades   | |  0.1
Armour         | |  0.4
Stealth        | |  1.8

Action                   || total
-------------------------++-------
Melee: Dagger            ||    16
       Staff             ||    15
       Whip              ||    13
 Cast: Magic Dart        ||    70
  Use: Scroll            ||     1
Armor: Robe              ||    10
       Leather armour    ||    39
Dodge: Dodged            ||    99
